 Dungeon Crawl Stone Soup version 0.31-a0-523-g071a6c1ffa (webtiles) character file.

Game seed: 12350155070355276930

322 LeprechaunX the Ruffian (level 6, -3/37 HPs)
             Began as an Octopode Shapeshifter on Aug 12, 2023.
             Was a Priest of Hepliaklqana.
             Slain by an ogre
             ... wielding a +0 giant club
              (23 damage)
             ... on level 4 of the Dungeon.
             The game lasted 00:04:29 (3100 turns).

LeprechaunX the Ruffian (Octopode Shapeshifter)     Turns: 3100, Time: 00:04:29

Health: -3/37      AC:  5    Str: 16    XL:     6   Next: 47%
Magic:  8/8        EV: 13    Int: 11    God:    Hepliaklqana [***...]
Gold:   350        SH:  0    Dex: 12    Spells: 5/5 levels left

rFire   . .          .
                       - Unarmed
rCold   . . .        (no shield)
rNeg    . . .        (helmet currently unavailable)
rPois   .            (no amulet)
rElec   .            o - +4 ring of protection
rCorr   .            (no ring)
SInv    .            (no ring)
Will    .....        (no ring)
Stlth   ++           (no ring)
HPRegen 0.26/turn    (no ring)
MPRegen 0.11/turn    (no ring)
                     (no ring)

%: no passive effects
@: beast-form
A: beast (slay +2), reduced essence, almost no armour, amphibious, 8 rings,
camouflage 1, gelatinous body 1, (nimble swimmer 1), tentacles
a: Begin Untransformation, Renounce Religion, Recall Ancestor, Ancestor
Identity, Transference


You were on level 4 of the Dungeon.
You worshipped Hepliaklqana.
Hepliaklqana was most pleased with you.
You were a hulking beast.
You visited 1 branch of the dungeon, and saw 4 of its levels.

You collected 350 gold pieces.

Inventory:

Missiles
 t - 6 darts of dispersal (quivered)
Jewellery
 g - an amulet of faith
 o - a +4 ring of protection (left tentacle)
Talismans
 b - a beast talisman (active)
 c - a flux talisman
Scrolls
 f - a scroll of enchant weapon {unknown}
 h - a scroll of silence {unknown}
 i - 2 scrolls of poison {unknown}
 j - a scroll of vulnerability {unknown}
 k - 2 scrolls of noise {unknown}
 m - 2 scrolls of teleportation {unknown}
 n - 4 scrolls of identify {unknown}
 p - a scroll of amnesia {unknown}
 r - 2 scrolls of blinking {unknown}
 x - a scroll of torment {unknown}
Potions
 a - 2 potions of lignification
 d - a potion of ambrosia {unknown}
 e - 4 potions of curing {unknown}
 l - a potion of degeneration {unknown}
 q - 2 potions of might {unknown}
 s - a potion of attraction {unknown}
 u - 2 potions of heal wounds {unknown}
 v - a potion of resistance {unknown}
 w - a potion of enlightenment {unknown}


   Skills:
 - Level 3.0 Fighting
 - Level 3.0 Dodging
 + Level 4.2 Unarmed Combat
 + Level 2.8 Invocations
 + Level 3.9 Shapeshifting


You had 5 spell levels left.
You didn't know any spells.
Your spell library contained the following spells:

 Spells                   Type           Power      Damage    Failure   Level
 Lesser Beckoning         Tloc           0%         N/A       47%         2
 Gell's Gravitas          Tloc           0%         N/A       71%         3
 Teleport Other           Tloc           0%         N/A       71%         3


Dungeon Overview and Level Annotations

Branches:
Dungeon (4/15)             Temple (0/1) D:4

Altars:
Hepliaklqana
Wu Jian


Innate Abilities, Weirdness & Mutations

You are a hulking beast.
Your limbs bulge with bestial killing power. (Slay +2)
Your life essence is reduced to manifest your ancestor. (-10% HP)
You cannot wear most types of armour.
You are amphibious.
You can wear up to eight rings at the same time.
Your skin changes colour to match your surroundings (Stealth+).
Your rubbery body absorbs attacks. (AC +1, EV +1)
((You are camouflaged when in or above water. (Stealth+)))
You have tentacles for arms and can constrict up to eight enemies at once.


Message History

No target in view!
Magic restored.
Found a stone staircase leading up.
There is a stone staircase leading up here.
Found a stone staircase leading down.
There is a stone staircase leading down here.
There is a stone staircase leading down here.
A kobold comes into view. It is wielding a +0 short sword.
A kobold is nearby!
A kobold is nearby!
A kobold is nearby!
The kobold shouts!
Lucius casts a spell at the kobold.
The kobold resists with significant effort.
Lucius gestures at the kobold while chanting.
The kobold seems to slow down.
You closely miss the kobold. You grab the kobold. You squeeze the kobold.
You kill the kobold!
No target in view!
No target in view!
You see here a +0 short sword.
An ogre is nearby!
An ogre is nearby!
An ogre is nearby!
The ogre hits you with a +0 giant club!!
Ouch! That really hurt!
Lucius hits the ogre with a +0 dagger of draining.
Lucius casts a spell at the ogre.
The ogre resists with some effort.
Lucius gestures at the ogre while chanting.
The ogre seems to slow down.
Lucius hits the ogre with a +0 dagger of draining.
The ogre is no longer moving slowly.
Lucius hits the ogre with a +0 dagger of draining.
Lucius drains the ogre.
You tentacle-slap the ogre. You squeeze the ogre!
The ogre is almost dead.
The ogre hits you with a +0 giant club!!
Ouch! That really hurt!
You die...

#.# #.# #.# #.# #.###### #.#
#.# #......# #.####### #.#
#...##.# #.#....<. #.#
#...##.# #.#.####.
#.##########...##.###.#...##.
#.................##.........
#########.................##.
#...hOR...##....####.
####...##............
#...#############^ #...# #.
##### #. ##


You could see the friendly Lucius the hexer and an ogre (drained, ally target).

Vanquished Creatures
  An ogre (D:4)
  A scorpion (D:4)
  An iguana (D:4)
  8 adders
  2 worms
  A dart slug (D:1)
  An orc (D:4)
  8 ball pythons
  6 endoplasms
  A giant cockroach (D:3)
  6 hobgoblins
  3 jackals (D:1)
  4 quokkas
  5 bats
  7 frilled lizards
  7 goblins
  6 kobolds
  6 rats
74 creatures vanquished.

Vanquished Creatures (collateral kills)
  2 quokkas
  A bat (D:1)
3 creatures vanquished.

Vanquished Creatures (others)
  A hexer (D:4)
1 creature vanquished.

Grand Total: 78 creatures vanquished

Notes
Turn   | Place    | Note
-------+----------+-------------------------------------------
     0 | D:1      | LeprechaunX the Octopode Shapeshifter began the quest for
                  | the Orb.
     0 | D:1      | Reached XP level 1. HP: 13/13 MP: 1/1
    72 | D:1      | Reached XP level 2. HP: 12/18 MP: 2/2
   286 | D:1      | Found a faded altar of an unknown god.
   310 | D:1      | Prayed at the altar of an unknown god.
   310 | D:1      | Became a worshipper of Hepliaklqana the Forgotten
   310 | D:1      | Reached * piety under Hepliaklqana
   335 | D:1      | Reached XP level 3. HP: 20/20 MP: 3/3
   727 | D:2      | Reached skill level 1 in Invocations
   727 | D:2      | Reached XP level 4. HP: 26/26 MP: 4/4
  1139 | D:2      | Reached ** piety under Hepliaklqana
  1144 | D:2      | Remembered your ancestor Lucius as a hexer
  1219 | D:2      | Reached XP level 5. HP: 30/30 MP: 6/6
  1268 | D:2      | You fall into a shaft and drop 1 floor!
  1916 | D:3      | Found an ornate altar of the Wu Jian Council.
  2441 | D:4      | Noticed an ogre
  2670 | D:4      | Reached *** piety under Hepliaklqana
  2686 | D:4      | Found a staircase to the Ecumenical Temple.
  2687 | D:4      | Noticed an ogre
  2941 | D:4      | Killed an ogre
  2942 | D:4      | Reached skill level 4 in Unarmed Combat
  2942 | D:4      | Reached XP level 6. HP: 36/36 MP: 7/7
  3100 | D:4      | Slain by an ogre

Illustrated notes

Levels and vault maps discovered:
D:1:      saegor_arrival_under_anarchy, layout_rooms, basic_ecumenical_altar
D:2:      layout_basic, roderic_cross_of_infinity
D:3:      layout_loops_corners, mainiacjoe_overflow_24_doors
D:4:      layout_loops_ring, minmay_temple_entry_overgrown,
          dreamdust_princess_corridor, minmay_unequal

Skill      XL: |  1  2  3  4  5  6 |
---------------+-------------------+-----
Invocations    | 1 2 |  2.8
Fighting       | 2 3 |  3.0
Dodging        | 3 |  3.0
Unarmed Combat | 4 |  4.2
Shapeshifting  | |  3.9

Action                     |  1- 3 |  4- 6 || total
---------------------------+-------+-------++-------
  Melee: Unarmed           |    52 |    75 ||   127
         Constrict         |     9 |    19 ||    28
         Tentacles         |     9 |    16 ||    25
         Punch             |     1 |     2 ||     3
 Invoke: Ancestor Life: He |       |     1 ||     1
   Stab: Sleeping          |     7 |     6 ||    13
         Distracted        |     1 |     1 ||     2
         Confused          |       |     1 ||     1
 Armour: Skin              |     6 |     3 ||     9
  Dodge: Dodged            |    33 |    23 ||    56

Table legend: (Time is in decaauts)
 A = Elapsed time spent in this place.
 B = Non-inter-level travel time spent in this place.
 C = Inter-level travel time spent in this place.
 D = Time resting spent in this place.
 E = Time spent auto-exploring this place.
 F = Levels seen in this place.
 G = Mean time per level.
                   A        B        C        D        E       F      G
               +--------+--------+--------+--------+--------+-----+--------+
         Total |   3091 |   3003 |     88 |     97 |   2387 |   4 |  772.8 |
       Dungeon |   3091 |   3003 |     88 |     97 |   2387 |   4 |  772.8 |
               +--------+--------+--------+--------+--------+-----+--------+

Top non-repeatable levels by time:
     D:3: 955 daAuts
     D:2: 891 daAuts
     D:4: 656 daAuts
     D:1: 588 daAuts
